 Dungeon Crawl Stone Soup version 0.23.2-40-g277498a (webtiles) character file.

Game seed: 7029046965341201245

21 CrazyJ the Caller (level 3, 0/26 HPs)
             Began as a Formicid Summoner on Sept 14, 2019.
             Slain by a hobgoblin (2 damage)
             ... on level 1 of the Dungeon.
             The game lasted 00:06:48 (1104 turns).

CrazyJ the Caller (Formicid Summoner)               Turns: 1104, Time: 00:06:49

Health: 0/26       AC:  3    Str: 12    XL:     3   Next: 2%
Magic:  2/6        EV: 18    Int: 15    God:
Gold:   5          SH:  0    Dex: 16    Spells: 1/7 levels left

rFire    . . .     SeeInvis +   e - +0 short sword
rCold    . . .     Gourm    .   (no shield)
rNeg     . . .     Faith    .   a - +1 robe
rPois    .         Spirit   .   (helmet unavailable)
rElec    .         Reflect  .   (no cloak)
rCorr    .         Harm     .   (no gloves)
MR       .....                  (no boots)
Stlth    +++.......             (no amulet)
HPRegen  0.08/turn              (no ring)
MPRegen  0.10/turn              (no ring)

@: agile, lethally poisoned (0 -> -12), very slightly contaminated
A: permanent stasis, dig shafts and tunnels, four strong arms, antennae 3
a: Dig, Shaft Self


You were on level 1 of the Dungeon.
You were not hungry.

You visited 1 branch of the dungeon, and saw 1 of its levels.

You collected 5 gold pieces.

Inventory:

Hand Weapons
 d - a +0 whip
 e - a +0 short sword (weapon)
Missiles
 g - 38 stones (quivered)
 i - 5 javelins
Armour
 a - a +1 robe (worn)
Scrolls
 h - a scroll of remove curse {unknown}
Comestibles
 c - a ration


   Skills:
 + Level 1.1 Fighting
 + Level 0.4 Armour
 - Level 2.0 Dodging
 - Level 2.4 Stealth
 + Level 2.5 Spellcasting
 + Level 4.2 Summonings


You had one spell level left.
You knew the following spells:

 Your Spells              Type           Power        Failure   Level  Hunger
a - Summon Small Mammal   Summ           ##..         3%          1    #......
b - Call Imp              Summ           ##......     5%          2    ###....
c - Call Canine Familiar  Summ           ##......     11%         3    ###....

Your spell library contained the following spells:

 Spells                   Type           Power        Failure   Level  Hunger
 Summon Guardian Golem    Hex/Summ       #.......     26%         3    ###....
 Summon Ice Beast         Ice/Summ       #.......     65%         4    #####..
 Summon Lightning Spire   Summ/Air       #.......     65%         4    #####..


Dungeon Overview and Level Annotations

Branches:
Dungeon (1/15)

Altars:


Innate Abilities, Weirdness & Mutations

You cannot be hasted, slowed, berserked, paralysed or teleported.
You can dig through walls and to a lower floor.
Your four strong arms can wield two-handed weapons with a shield.
You have a pair of large antennae on your head. (SInv)


Message History

* * * LOW HITPOINT WARNING * * *
The jackal moves out of view.
It was a potion of agility.
You feel agile all of a sudden.
* * * LOW HITPOINT WARNING * * *
You feel sick. The kobold completely misses you.
You hit the kobold.
You kill the kobold!
* * * LOW HITPOINT WARNING * * *
You feel sick.
A jackal comes into view.
You closely miss the hobgoblin.
* * * LOW HITPOINT WARNING * * *
You feel sick.
As you read the scroll labeled EDIWEE SOQA, it crumbles to dust.
It is a scroll of enchant armour.
Your +0 robe glows green for a moment.
* * * LOW HITPOINT WARNING * * *
You feel sick. The hobgoblin hits you.
You die...

##.#.##.##.#
####........
#.#.#...#.#
####..######
#.#..###..## #......#
#.#.#...#..##
#......#####
....##.##...#
#...........
#..#..#.#..#.#
#......####.
#..#..###..#.###......#
#. #.. ...##.##...#.###
# #.##.#.##..g@....#
#.#.......##g#.###
#.#####.##.#.# #.
#.##g#.# ....
####.##.#.# ##....
#............###{....
...................#
.....#####..###....
##### #..# #..#


You could see a hobgoblin and 2 goblins.

Vanquished Creatures
  A gnoll (D:1)
  A dart slug (D:1)
  3 bats (D:1)
  A goblin (D:1)
  2 kobolds (D:1)
  3 rats (D:1)
11 creatures vanquished.

Vanquished Creatures (collateral kills)
  A dart slug (D:1)
  A giant cockroach (D:1)
2 creatures vanquished.

Grand Total: 13 creatures vanquished

Notes
Turn   | Place    | Note
-------+----------+-------------------------------------------
     0 | D:1      | CrazyJ the Formicid Summoner began the quest for the Orb.
     0 | D:1      | Reached XP level 1. HP: 13/13 MP: 3/3
    34 | D:1      | Reached XP level 2. HP: 5/20 MP: 1/5
   410 | D:1      | Learned a level 2 spell: Call Imp
   588 | D:1      | Reached skill level 1 in Fighting
   948 | D:1      | Reached XP level 3. HP: 23/26 MP: 6/6
   953 | D:1      | Learned a level 3 spell: Call Canine Familiar
  1104 | D:1      | Slain by a hobgoblin

Skill      XL: |  1  2 |
---------------+-------+-----
Dodging        | 2 |  2.0
Fighting       | 1 |  1.1
Armour         | |  0.4
Stealth        | |  2.4
Spellcasting   | |  2.5
Summonings     | |  4.2

Action                   || total
-------------------------++-------
Melee: Unarmed           ||     6
       Whip              ||    18
       Short sword       ||    18
 Cast: Summon Small Mamm ||     4
       Call Imp          ||     1
  Use: Scroll            ||     1
       Potion            ||     1
 Stab: Sleeping          ||     1
  Eat: Chunk             ||     1
Armor: Robe              ||    16
Dodge: Dodged            ||    28
